 Dungeon Crawl Stone Soup version 0.23.2-1-ga50397a6bc (webtiles) character file.

Game seed: 6645760940080689159

8179 Menchi the Fighter (level 11, 0/192 HPs)
             Began as a Naga Fighter on May 18, 2019.
             Was an Initiate of Gozag.
             Slain by a hippogriff (4 damage)
             ... on level 11 of the Dungeon.
             The game lasted 00:33:37 (13690 turns).

Menchi the Fighter (Naga Fighter)                  Turns: 13690, Time: 00:33:37

Health: 0/192      AC: 13    Str: 28 (29) XL:     11   Next: 26%
Magic:  9/9        EV: 15    Int:  8 (10) God:    Gozag
Gold:   1826       SH:  0    Dex: 13 (15) Spells: 10/10 levels left

rFire    + . .     SeeInvis +   u - +5 trident
rCold    . . .     Gourm    .   (no shield)
rNeg     . . .     Faith    .   y - +2 leather armour {rF+}
rPois    +         Spirit   .   g - +2 helmet
rElec    .         Reflect  .   D - +2 cloak {MR+}
rCorr    +         Harm     .   (no gloves)
MR       ++...     Rnd*Tele +   (no barding)
Stlth    ..........             (no amulet)
HPRegen  0.42/turn              n - ring of resist corrosion
MPRegen  0.11/turn              t - +3 ring of strength

@: agile, berserking, gold aura, flying, quick
A: large, see invisible, deformed body, low mp 1, poison resistance, robust 1,
slowness 2, slow metabolism 1, spit poison 1, teleportitis 1, AC +3
a: Spit Poison, Potion Petition, Call Merchant, Bribe Branch, Renounce Religion


You were on level 11 of the Dungeon.
You worshipped Gozag.
Gozag was most pleased with you.
You were not hungry.

You visited 2 branches of the dungeon, and saw 12 of its levels.

You collected 1909 gold pieces.
You spent 25 gold pieces at shops.
You paid 58 gold pieces to Gozag.

Inventory:

Hand Weapons
 q - a +0 spear of flaming
 u - a +5 trident (weapon)
Armour
 c - a +0 shield
 g - a +2 helmet (worn)
 o - a scarf of spirit shield
 y - a +2 leather armour of fire resistance (worn)
 D - a +2 cloak of magic resistance (worn)
Jewellery
 n - a ring of resist corrosion (left hand)
 t - a +3 ring of strength (right hand)
Wands
 a - a wand of paralysis (6)
 d - a wand of enslavement (6)
 p - a wand of random effects (16)
 s - a wand of flame (36)
Scrolls
 j - 3 scrolls of noise
 k - 4 scrolls of teleportation
 v - 3 scrolls of amnesia
 w - 2 scrolls of fog
 x - a scroll of immolation
 A - 2 scrolls of identify
 B - 2 scrolls of blinking
Potions
 h - 2 potions of curing
 i - 3 potions of flight
 l - 2 potions of haste
 m - a potion of berserk rage
 r - a potion of cancellation
 z - a potion of ambrosia
Comestibles
 f - 11 rations


   Skills:
 * Level 13.0 Fighting
 + Level 10.6 Polearms
 - Level 2.4 Armour
 - Level 2.9 Dodging
 - Level 2.4 Shields


You had 10 spell levels left.
You didn't know any spells.
Your spell library contained the following spells:

 Spells                   Type           Power        Failure   Level  Hunger
 Freeze                   Ice            #...         43%         1    ##.....
 Shroud of Golubria       Chrm/Tloc      #.........   58%         2    ###....
 Swiftness                Chrm/Air       #.......     58%         2    ###....
 Summon Ice Beast         Ice/Summ       #.......     99%         4    #####..
 Excruciating Wounds      Chrm/Necr      #.........   100%        5    ######.
 Bolt of Cold             Conj/Ice       #.........   100%        6    #######


Dungeon Overview and Level Annotations

Branches:
Dungeon (11/15)            Temple (1/1) D:4            Lair (0/6) D:9
    Orc (0/2) D:10

Altars:
Ashenzari
Cheibriados
Dithmenos
Elyvilon
Gozag
Hepliaklqana
Kikubaaqudgha
Makhleb
Nemelex Xobeh
Okawaru
Qazlal
Ru
Sif Muna
Trog
Uskayaw
Vehumet
Wu Jian
Xom
Zin
The Shining One

Shops:
D:7 *

Annotations:
D:2 1 runed translucent door, Crazy Yiuf
D:3 1 runed translucent door
D:7 2 runed translucent doors


Innate Abilities, Weirdness & Mutations

You cannot wear boots.
Your serpentine skin is tough. (AC +3)
You have supernaturally acute eyesight. (SInv)
Armour fits poorly on your strangely shaped body.
Your system is resistant to poisons. (rPois)
You cover ground very slowly.
You have a slow metabolism.
You can spit poison.
Your magical capacity is low. (-10% MP)
You are robust. (+10% HP)
You are occasionally teleported next to monsters.


Message History

The hornet buzzes angrily.
Found a whip and 17 gold pieces.
Things that are here:
19 gold pieces; a +0 giant spiked club x2
You closely miss the orc priest. The orc hits you but does no damage.
The hippogriff bites you but does no damage.
The hippogriff pecks you but does no damage.
The hippogriff claws you but does no damage.
The orc priest invokes the aid of Beogh against you.
Beogh smites you!
* * * LOW HITPOINT WARNING * * *
The wraith closely misses you.
You puncture the orc priest!
The orc priest is almost dead.
You closely miss the orc priest.
The orc priest is almost dead.
The orc barely misses you. The hippogriff completely misses you.
The hippogriff pecks you.
You die...
Your body crumbles into a pile of gold.

#####.......#
##..##.......#
#....#.......#
#......####
##### ###..###
.....$ ###.#
......##$..#
).....Woo#..#
......y@###....
.......H# ###.#
........# #
........#
...5.....
.......#.
....... .
....... .#


You could see a hippogriff, a hornet, a wraith, an orc priest, a shadow imp and
an orc.

Vanquished Creatures
  3 two-headed ogres
  A merfolk (D:10)
  A troll (D:8)
  A hornet (D:9)
  A hippogriff (D:7)
  2 wyverns
  A water moccasin (D:10)
  Duvessa (D:7)
  2 porcupines (D:9)
  2 black bears
  A necrophage (D:7)
  7 orc warriors
  2 ice beasts (D:10)
  2 sky beasts (D:10)
  4 ogres
  A phantom (D:7)
  3 centaurs
  A crocodile (D:6)
  3 bullfrogs
  A big kobold (D:7)
  Dowan (D:7)
  2 scorpions
  3 killer bees (D:9)
  7 howler monkeys
  6 wights
  8 crimson imps
  A bullfrog zombie (D:5)
  3 quasits
  A centaur zombie (D:8)
  2 bullfrog skeletons
  5 hounds
  A jelly (D:9)
  4 orc priests
  10 orc wizards
  5 iguanas
  6 worker ants
  A hound zombie (D:8)
  A howler monkey zombie (D:6)
  A worker ant zombie (D:6)
  Robin (D:4)
  3 gnolls
  10 adders
  2 shadow imps
  2 adder skeletons (D:5)
  2 worms
  A dart slug (D:2)
  4 leopard geckos
  67 orcs
  8 bats
  7 giant cockroaches
  9 hobgoblins
  19 jackals
  2 quokkas (D:4)
  A ball python (D:3)
  5 frilled lizards
  15 goblins
  6 kobolds
  2 leopard gecko skeletons
  A rat (D:2)
275 creatures vanquished.

Vanquished Creatures (others)
  An orc (D:7)
1 creature vanquished.

Grand Total: 276 creatures vanquished

Notes
Turn   | Place    | Note
-------+----------+-------------------------------------------
     0 | D:1      | Menchi the Naga Fighter began the quest for the Orb.
     0 | D:1      | Reached XP level 1. HP: 21/21 MP: 1/1
   137 | D:1      | Reached XP level 2. HP: 20/28 MP: 2/2
   886 | D:2      | Reached XP level 3. HP: 25/34 MP: 3/3
  1172 | D:2      | Reached skill level 1 in Dodging
  1378 | D:2      | Found a runed translucent door.
  1379 | D:2      | Noticed Crazy Yiuf
  1671 | D:2      | Found a snail-covered altar of Cheibriados.
  1675 | D:2      | Reached XP level 4. HP: 36/42 MP: 4/4
  2688 | D:3      | Found a white marble altar of Elyvilon.
  2688 | D:3      | Noticed an angel
  2689 | D:3      | Found a runed translucent door.
  2723 | D:3      | Reached XP level 5. HP: 46/50 MP: 5/5
  3181 | D:2      | HP: 1/50 [hound (4)]
  3185 | D:2      | Reached skill level 4 in Fighting
  3533 | D:4      | Found a snail-covered altar of Cheibriados.
  4042 | D:4      | Noticed Robin
  4051 | D:4      | Reached XP level 6. HP: 38/57 MP: 6/6
  4300 | D:4      | Killed Robin
  4633 | D:4      | Reached skill level 5 in Polearms
  4963 | D:4      | Found a staircase to the Ecumenical Temple.
  4977 | Temple   | Entered the Ecumenical Temple
  5026 | Temple   | Became a worshipper of Gozag Ym Sagoz the Greedy
  5085 | D:5      | Entered Level 5 of the Dungeon
  5200 | D:5      | Reached XP level 7. HP: 47/66 MP: 7/7
  5931 | D:5      | Reached skill level 5 in Fighting
  6509 | D:6      | Reached XP level 8. HP: 70/76 MP: 6/8
  6540 | D:6      | Reached skill level 6 in Fighting
  6841 | D:6      | Found a glowing silver altar of Zin.
  7106 | D:7      | Noticed Dowan
  7106 | D:7      | Noticed Duvessa
  7489 | D:6      | Reached skill level 7 in Fighting
  7606 | D:7      | Killed Duvessa
  7625 | D:7      | Killed Dowan
  7660 | D:7      | Found Diuruint's Assorted Antiques.
  7679 | D:7      | Bought a bubbling golden potion for 25 gold pieces
  7683 | D:7      | Gained mutation: Your magical capacity is low. (-10% MP)
                  | [potion of mutation]
  7683 | D:7      | Gained mutation: You are occasionally teleported next to
                  | monsters. [potion of mutation]
  7683 | D:7      | Gained mutation: You are robust. (+10% HP) [potion of
                  | mutation]
  7770 | D:7      | Reached skill level 8 in Fighting
  7803 | D:7      | Reached XP level 9. HP: 84/95 MP: 8/8
  7809 | D:7      | Found a large runed translucent door.
  7809 | D:7      | Found a large runed translucent door.
  7812 | D:7      | Found a large runed translucent door.
  7812 | D:7      | Found a large runed translucent door.
  7869 | D:7      | Reached skill level 9 in Fighting
  8110 | D:7      | Identified the Tome of the Lost Planets
  8726 | D:7      | Got a brightly glowing shortbow
  8727 | D:7      | Identified the +11 shortbow of Rotation {flame, rElec rF-
                  | MR+} (You found it on level 7 of the Dungeon)
  9068 | D:8      | Noticed a two-headed ogre
  9078 | D:8      | Killed a two-headed ogre
  9078 | D:8      | Reached skill level 10 in Fighting
  9298 | D:8      | Found a radiant altar of Vehumet.
  9315 | D:8      | Reached XP level 10. HP: 95/113 MP: 7/9
  9417 | D:8      | Found a shimmering altar of Xom.
  9417 | D:8      | Found an ornate altar of the Wu Jian Council.
  9742 | D:8      | Reached skill level 11 in Fighting
 11541 | D:9      | Found a staircase to the Lair.
 11937 | D:10     | Entered Level 10 of the Dungeon
 11998 | D:10     | Reached skill level 12 in Fighting
 12152 | D:10     | Reached skill level 10 in Polearms
 12495 | D:10     | Reached XP level 11. HP: 115/126 MP: 9/9
 13016 | D:10     | Noticed a two-headed ogre
 13022 | D:10     | Killed a two-headed ogre
 13066 | D:10     | Found a staircase to the Orcish Mines.
 13673 | D:11     | Noticed a two-headed ogre
 13686 | D:11     | Killed a two-headed ogre
 13686 | D:11     | Reached skill level 13 in Fighting
 13688 | D:11     | HP: 4/192 [orc priest/divine providence (11)]
 13690 | D:11     | Slain by a hippogriff

Skill      XL: |  1  2  3  4  5  6  7  8  9 10 11 |
---------------+----------------------------------+-----
Dodging        | 1 2 |  2.9
Polearms       | 3 4 5 6 7 8 10 | 10.6
Fighting       | 4 5 8 10 12 13 | 13.0
Armour         | |  2.4
Shields        | |  2.4

Action                   |  1- 3 |  4- 6 |  7- 9 | 10-12 || total
-------------------------+-------+-------+-------+-------++-------
Melee: Trident           |    19 |       |   118 |   354 ||   491
       Spear             |   151 |   296 |   301 |       ||   748
Invok: Potion Petition   |       |       |     1 |       ||     1
 Abil: Spit Poison       |     7 |    15 |    21 |    15 ||    58
Evoke: Wand              |       |       |     2 |     4 ||     6
  Use: Scroll            |       |     9 |    11 |     6 ||    26
       Potion            |       |     1 |     5 |    11 ||    17
 Stab: Paralysed         |       |       |       |     4 ||     4
       Distracted        |       |       |       |     1 ||     1
  Eat: Chunk             |     2 |     9 |       |       ||    11
       Ration            |       |     1 |     3 |     4 ||     8
Armor: Scale mail        |    72 |    69 |       |       ||   141
       Leather armour    |       |    30 |    46 |   108 ||   184
       Animal skin       |       |    23 |    53 |       ||    76
       Skin              |       |       |    36 |    49 ||    85
Dodge: Dodged            |    59 |   145 |   152 |   134 ||   490
Block: Shield            |     4 |       |       |       ||     4
